AoeStats
← m0123s

Oasis

509799990Analyzed
3v3 RM · 5d ago on Sep 28, 2026· 48m 23s· 6 players
Game mode
Random Map
Map size
Normal (6 player)
Population
200
Speed
Normal
Resources
Standard
Victory
Conquest
Starting age
Dark Age
Ending age
Imperial Age
RankedLock teamsTeams togetherTeam positionsShared explorationLock speedFull tech treeHidden civsTurbo modeCheats
Victory
Defeat
🇲🇽 Hindustanis · Mexico
1060
+13
🇲🇽 Magyars · Mexico
1059
+13
🇲🇽 Varangians · Mexico
1019
+14
🇺🇾 Vietnamese · Uruguay
1033
-16
🇺🇾 Franks · Uruguay
960
-12
🇺🇾 Armenians · Uruguay
955
-12
c.t_19
6:44 Loom
9:57 Feudal Age
12:00 Double-Bit Axe
12:35 Horse Collar
19:32 Castle Age
17:48 Gold Mining
19:37 Scale Mail Armor
21:08 Squires
24:47 Bow Saw
26:03 Wheelbarrow
25:44 Heavy Plow
26:24 Fletching
29:46 Bodkin Arrow
30:20 Hand Cart
29:56 Town Watch
35:25 Imperial Age
34:31 Padded Archer Armor
34:21 Elite Skirmisher
37:08 Chemistry
35:45 Imperial Skirmisher
37:35 Hoardings
38:08 Masonry
39:45 Siege Engineers
40:29 Bracer
41:46 Elite Fire Lancer
43:17 Leather Archer Armor
43:39 Ballistics
46:01 Ring Archer Armor
45:51 Chain Mail Armor
Anubix
5:36 Loom
11:34 Feudal Age
16:17 Castle Age
14:54 Double-Bit Axe
15:02 Gold Mining
18:33 Bow Saw
30:11 Scale Barding Armor
33:21 Imperial Age
31:11 Forging
33:14 Wheelbarrow
32:30 Town Watch
33:22 Gold Shaft Mining
34:02 Husbandry
33:26 Cavalier
35:00 Iron Casting
35:15 Heavy Scorpion
36:46 Ballistics
37:27 Chemistry
39:39 Illumination
46:39 Blast Furnace
46:00 Chain Barding Armor
46:22 Paladin
m0123s
2:01 Loom
11:40 Feudal Age
14:40 Man-at-Arms
15:40 Arson
20:06 Long Swordsman
21:47 Pikeman
43:39 Wheelbarrow
42:47 Horse Collar
45:02 Double-Bit Axe
Owen Waltz
7:54 Loom
10:33 Feudal Age
15:50 Bloodlines
27:06 Castle Age
27:41 Wheelbarrow
26:56 Double-Bit Axe
29:31 Crossbowman
30:57 Gold Mining
32:00 Horse Collar
39:08 Imperial Age
38:12 Hand Cart
37:59 Fletching
39:29 Bow Saw
39:50 Scale Barding Armor
40:16 Thumb Ring
39:40 Arbalester
40:31 Corvinian Army
40:17 Cavalier
41:22 Town Watch
42:53 Elite Magyar Huszar
43:54 Conscription
43:42 Recurve Bow
46:58 Caravan
AlexSk8
9:58 Feudal Age
8:17 Loom
10:02 Feudal Age
15:19 Double-Bit Axe
18:14 Castle Age
16:36 Horse Collar
20:14 Heavy Plow
20:53 Fortified Wall
21:41 Masonry
24:01 Bow Saw
27:22 Wheelbarrow
27:17 Ballistics
33:34 Imperial Age
31:22 Hand Cart
32:14 Padded Archer Armor
32:06 Fletching
32:19 Grand Trunk Road
32:41 Gold Mining
33:59 Leather Archer Armor
33:39 Bodkin Arrow
33:50 Scale Mail Armor
35:43 Chemistry
36:12 Conscription
35:54 Shatagni
36:39 Gold Shaft Mining
38:01 Thumb Ring
38:00 Bracer
38:34 Ring Archer Armor
39:08 Chain Mail Armor
39:06 Elite Ghulam
43:02 Siege Engineers
44:43 Forging
44:34 Bracer
LFernando74
7:26 Loom
11:09 Feudal Age
11:43 Double-Bit Axe
12:28 Gold Mining
14:31 Horse Collar
20:19 Castle Age
20:43 Scale Mail Armor
20:54 Forging
20:32 Arson
21:17 Squires
21:03 Gambesons
23:25 Bow Saw
27:27 Iron Casting
28:40 Chain Mail Armor
31:18 Scale Barding Armor
31:14 Padded Archer Armor
31:04 Fletching
31:25 Stone Mining
34:17 Murder Holes
34:33 Fortified Wall
35:03 Heavy Plow
41:27 Imperial Age
39:49 Husbandry
39:59 Bloodlines
41:39 Chain Barding Armor
42:07 Gothikon
43:09 Conscription
42:14 Elite Varangian Guard
43:27 Plate Mail Armor
43:58 Blast Furnace
43:52 Wheelbarrow
43:03 Town Watch
44:44 Stone Shaft Mining
43:59 Capped Ram
44:47 Vendel Legacy
45:23 Elite Jarl
46:04 Siege Ram
Connection lost

Rejoining the realm…

Still unreachable

The connection could not be restored.

Session expired

The server has moved on; the page needs a fresh start.